 Dungeon Crawl Stone Soup version 0.18-a0-1203-gbde16db (webtiles) character file.

10 ololoev the Firebug (level 2, 15/15 HPs)
             Began as a Deep Elf Fire Elementalist on Feb 1, 2016.
             Was a Follower of Fedhas.
             Quit the game on level 2 of the Dungeon.
             The game lasted 00:01:45 (221 turns).

ololoev the Firebug (Deep Elf Fire Elementalist)     Turns: 221, Time: 00:01:45

Health: 15/15      AC:  2    Str:  5    XL:     2   Next: 10%
Magic:  5/8        EV: 13    Int: 19    God:    Fedhas [*.....]
Gold:   24         SH:  0    Dex: 15    Spells: 1 memorised, 6 levels left

rFire  . . .     SeeInvis .     (no weapon)
rCold  . . .     Gourm    .     a - +0 robe
rNeg   . . .     Faith    .     (no shield)
rPois  .         Spirit   .     (no helmet)
rElec  .         Dismiss  .     (no cloak)
rCorr  .         Reflect  .     (no gloves)
SustAt .         Harm     .     (no boots)
MR     .....                    (no amulet)
Stlth  ++........               (no ring)
                                (no ring)

@: not resistant to hostile enchantments, unstealthy
A: no striking features
a: Evolution, Renounce Religion

Inventory:

Armour
 a - a +0 robe (worn)
Scrolls
 d - 2 scrolls of identify {unknown}
 e - 2 scrolls of enchant armour {unknown}
Books
 b - a book of Flames

   Spells                             Type                      Level
   a - Flame Tongue                   Conjuration/Fire             1
   b - Throw Flame                    Conjuration/Fire             2
   c - Conjure Flame                  Conjuration/Fire             3
   d - Inner Flame                    Hexes/Fire                   3
   e - Sticky Flame                   Conjuration/Fire             4
   f - Fireball                       Conjuration/Fire             5
Comestibles
 c - a bread ration
 f - a chunk of flesh
 g - 4 fruits


   Skills:
 - Level 2.4 Dodging
 - Level 2.4 Stealth
 + Level 3.1 Spellcasting
 * Level 2.1 Conjurations
 + Level 3.4 Fire Magic


You had 6 spell levels left.
You knew the following spells:

 Your Spells              Type           Power        Failure   Level  Hunger
a - Flame Tongue          Conj/Fire      ##...        6%          1    None


You were on level 2 of the Dungeon.
You worshipped Fedhas.
Fedhas was aware of your devotion.
You were not hungry.

You visited 1 branch of the dungeon, and saw 2 of its levels.

You collected 24 gold pieces.

#...............# #.#
#.#############.# #.#
#.# #.......<#.# #.#
#.# #..........# #.#
#.#
####################.#
#.#
#..)..............##.#
#.#
#.....).............
#.#
#..#..........#.##.#
#.# #
#@#..######.#.##.# #.#
#..#..## #.#.##.# #.#
#.....# #.#.##.# #.#
##..### #.#.##.# #.#
#.# #......# #.# ..
.......# #.# .. .##
#######.# .. ........#

Notes
Turn   | Place    | Note
--------------------------------------------------------------
     0 | D:1      | ololoev the Deep Elf Fire Elementalist began the quest for the Orb.
     0 | D:1      | Reached XP level 1. HP: 10/10 MP: 6/6
   182 | D:2      | Reached XP level 2. HP: 15/15 MP: 2/8
   212 | D:2      | Found a faded altar to an unknown god.
   221 | D:2      | Became a worshipper of Fedhas Madash
   221 | D:2      | Reached * piety under Fedhas
   221 | D:2      | Quit the game

Dungeon Overview and Level Annotations

Branches:
Dungeon (2/15)

Altars:
Fedhas


Message History

You open the door.
There is an open door here.
You enter a teleport trap!
The teleport trap disappears.
Your surroundings suddenly seem different.
Found a stone staircase leading up.
There is a stone staircase leading up here.
There is a stone staircase leading up here.
You climb upwards.
There is a stone staircase leading down here.
You climb downwards.
There is a stone staircase leading up here.
Your magical contamination has completely faded away.
Found 4 fruits.
g - 4 fruits A hobgoblin comes into view.
It is wielding a club.
The hobgoblin shouts!
Found a faded altar to an unknown god.
Found a club.
Casting: Flame Tongue
Confirm with . or Enter, or press ? or * to list all spells.
Aiming: Flame Tongue
Press: ? - help, Shift-Dir - straight line, f - hobgoblin
Aim: a hobgoblin, wielding a club The flame tongue hits the hobgoblin.
You kill the hobgoblin!
Casting: Flame Tongue
Confirm with . or Enter, or press ? or * to list all spells.
You don't know that spell.
Things that are here:
a club; a hobgoblin corpse
There is a faded altar to an unknown god here.
This altar will convert you to a god.
You cannot discern which.
Do you pray?
Okay, then.
This altar will convert you to a god.
You cannot discern which.
Do you pray? Fedhas accepts your prayer! Fedhas welcomes you!
The plants of the dungeon cease their hostilities.
You can now pray to speed up the decay of corpses.
You can now induce evolution.
Are you sure you want to abandon this character and quit the game? (Confirm with "yes".)

There were no monsters in sight!

Vanquished Creatures
  A giant gecko (D:1)
  3 hobgoblins
  2 jackals (D:2)
  A kobold (D:1)
7 creatures vanquished.

Action                   || total
-------------------------++-------
 Cast: Flame Tongue      ||    13

Vault maps used:
D:1:      dpeg_arrival_stone_temple_mockup
D:2:      old_standard_altar, ecumenical_altar_1
